 Dungeon Crawl Stone Soup version 0.30-a0-371-gad7725a93e (webtiles) character file.

Game seed: 16176705183120366022

2454 ryw the Caller (level 9, -2/71 HPs)
             Began as a Demigod Summoner on Nov 20, 2022.
             Slain by an orc warrior
             ... wielding a +0 battleaxe
              (10 damage)
             ... on level 7 of the Dungeon.
             The game lasted 00:20:35 (7496 turns).

ryw the Caller (Demigod Summoner)                   Turns: 7496, Time: 00:20:36

Health: -2/71      AC: 12    Str:  9    XL:     9   Next: 5%
Magic:  3/18       EV:  9    Int: 29    God:
Gold:   321        SH:  5    Dex: 12    Spells: 1/16 levels left

rFire   . . .      SeeInvis .    h - +11 rapier "Ylaud" {protect, rC+}
rCold   + . .      Faith    .    (no shield)
rNeg    . . .      Spirit   .    g - +5 scale mail "Sinijuqe" {Regen+ Dex-2 Stlth+}
rPois   .          Reflect  +    (no helmet)
rElec   .          Harm     .    (no cloak)
rCorr   .          Rampage  .    (no gloves)
Will    +....                    (no boots)
Stlth   +.........               n - amulet of reflection
HPRegen 1.11/turn                k - ring of wizardry
MPRegen 0.16/turn                v - ring of willpower

@: no status effects
A: high MP 1, forlorn, divine attributes
a: no special abilities


You were on level 7 of the Dungeon.
You visited 1 branch of the dungeon, and saw 7 of its levels.

You collected 321 gold pieces.

Inventory:

Hand Weapons
 h - the +11 rapier "Ylaud" (weapon) {protect, rC+}
   (You found it on level 2 of the Dungeon)

   It grants its wielder temporary protection when it strikes (+7 to AC).
   rC:        It protects you from cold.
Missiles
 q - 2 throwing nets
Armour
 a - a +0 robe
 g - the +5 scale mail "Sinijuqe" (worn) {Regen+ Dex-2 Stlth+}
   (You found it on level 6 of the Dungeon)

   Dex:       It affects your dexterity (-2).
   Regen:     It increases your rate of health regeneration.
   Stlth:     It makes you more stealthy.
 o - the +9 chain mail of the Spider Nest {Harm rC+ Int+2 Dex-5}
   (You found it on level 3 of the Dungeon)

   Int:       It affects your intelligence (+2).
   Dex:       It affects your dexterity (-5).
   rC:        It protects you from cold.
   Harm:      It increases damage dealt and taken.
 y - the -2 hat of the Alchemist {rElec rPois rF+ rC+ rN+ Will+ rMut rCorr}
   (You found it on level 5 of the Dungeon)

   rF:        It protects you from fire.
   rC:        It protects you from cold.
   rElec:     It insulates you from electricity.
   rPois:     It protects you from poison.
   rN:        It protects you from negative energy.
   rCorr:     It protects you from acid and corrosion.
   rMut:      It protects you from mutation.
   Will:      It increases your willpower.
Jewellery
 k - a ring of wizardry (left hand)
 n - an amulet of reflection (around neck)
 r - an amulet of guardian spirit
 u - a ring of protection from fire
 v - a ring of willpower (right hand)
Wands
 j - a wand of flame (30)
Scrolls
 d - 2 scrolls of silence
 e - 7 scrolls of identify {unknown}
 f - 2 scrolls of fear {unknown}
 i - 2 scrolls of fog {unknown}
 p - 2 scrolls of amnesia {unknown}
 s - a scroll of teleportation {unknown}
 t - a scroll of enchant weapon {unknown}
 w - 2 scrolls of magic mapping {unknown}
 z - 2 scrolls of noise {unknown}
 A - a scroll of summoning {unknown}
Potions
 b - 2 potions of magic
 c - 3 potions of curing
 l - 3 potions of invisibility
 m - 2 potions of berserk rage {unknown}
 x - a potion of lignification {unknown}
 B - a potion of haste {unknown}
 C - a potion of mutation {unknown}
 D - a potion of brilliance {unknown}


   Skills:
 + Level 4.1 Fighting
 + Level 3.7 Short Blades
 * Level 4.7 Armour
 + Level 4.6 Dodging
 - Level 1.7 Stealth
 + Level 4.2 Spellcasting
 + Level 3.2 Hexes
 + Level 5.7 Summonings
 + Level 1.2 Air Magic


You had one spell level left.
You knew the following spells:

 Your Spells              Type           Power      Damage    Failure   Level
a - Call Canine Familiar  Summ           39%        N/A       5%          3
b - Call Imp              Summ           39%        N/A       2%          2
c - Summon Small Mammal   Summ           100%       N/A       1%          1
d - Summon Guardian Gole  Hex/Summ       32%        N/A       9%          3
e - Wereblood             Tmut           6%         N/A       26%         2
f - Summon Lightning Spi  Summ/Air       26%        N/A       38%         4

Your spell library contained the following spells:

 Spells                   Type           Power      Damage    Failure   Level
 Beastly Appendage        Tmut           12%        N/A       19%         1
 Spider Form              Tmut/Pois      6%         N/A       45%         3
 Animate Dead             Necr           6%         N/A       86%         4
 Borgnjor's Vile Clutch   Necr/Erth      3%         N/A       99%         5
 Death Channel            Necr           3%         N/A       100%        6
 Haunt                    Necr/Summ      11%        N/A       100%        7
 Infestation              Necr           3%         N/A       100%        8


Dungeon Overview and Level Annotations

Branches:
Dungeon (7/15)             Temple (0/1) D:4


Innate Abilities, Weirdness & Mutations

You have an increased reservoir of magic. (+10% MP)
You shall have no god before yourself.
Your divine heritage dramatically boosts your attributes as you level up.


Message History

Your iron imp disappears in a puff of smoke!
Casting: Call Imp (safe; 2% risk of failure)
Confirm with . or Enter, or press ? or * to list all spells.
The centaur hits you but does no damage.
The centaur kicks you but does no damage.
The orc warrior hits you with a +0 battleaxe.
The centaur attacks as you move away! You block the centaur's attack.
The centaur barely misses you.
The centaur wields a +2 shortbow of freezing.
It is covered in frost.
The centaur shoots an arrow.
The arrow hits you! You block the orc warrior's attack.
There is an open door, spattered with blood here.
The centaur attacks as you move away!
The centaur unwields a +2 shortbow of freezing.
The centaur hits you.
The centaur kicks you but does no damage.
The centaur wields a +2 shortbow of freezing.
It is covered in frost.
The centaur shoots an arrow.
The arrow hits your wolf! The arrow freezes your wolf.
Your wolf bites the orc warrior.
The centaur shoots an arrow.
The arrow hits your wolf! The arrow freezes your wolf.
Your wolf dies!
Your wolf's corpse disappears in a puff of smoke!
Casting: Call Canine Familiar (dangerous; 5% risk of failure)
Confirm with . or Enter, or press ? or * to list all spells.
You feel yourself speed up. You block the orc warrior's attack.
The orc warrior barely misses your hound.
The orc warrior hits you with a +0 battleaxe!
* * * LOW HITPOINT WARNING * * *
The orc warrior barely misses your hound.
The orc warrior attacks as you move away!
The orc warrior hits you with a +0 battleaxe.
* * * LOW HITPOINT WARNING * * *
The orc warrior hits your hound with a +0 battleaxe!
Your hound bites the orc warrior but does no damage.
Unknown command.
The orc warrior attacks as you move away!
The orc warrior hits you with a +0 battleaxe!
You die...

.......# .......####
..........#####
........##....#
.......######'##
.......# #8.8#
......######8.8#####
#....# #.#.#8.8#.#)#
##### ##..+...'@.##
#...##8##.oh#
##'#########9## .
#..#.......#.c# .
#..#.⌠...⌠.#..# .
#..#....⌠).#..# .
##.)...⌠.†.'.## .
###..⌠....### .
#.⌠...⌠.#


You could see an orc warrior (ally target), a gargoyle, a centaur and a friendly
hound (summoned).

Vanquished Creatures
  A nameless horror (D:6)
  2 wraiths (D:7)
  An ice beast (D:6)
  An orc warrior (D:6)
  2 sky beasts
  A centaur (D:7)
  2 phantoms
  2 bullfrogs
  A necrophage (D:7)
  A gnoll sergeant (D:6)
  2 scorpions (D:6)
  3 wights (D:6)
  A crimson imp (D:4)
  4 orc priests
  A hound (D:5)
  3 jellies
  5 orc wizards
  Robin (D:4)
  5 gnolls (D:6)
  4 adders
  A shadow imp (D:5)
  4 white imps
  2 ufetubi
  A dart slug (D:3)
  2 worms
  21 orcs
  3 endoplasms
  4 giant cockroaches
  20 goblins
  9 hobgoblins
  10 jackals
  5 quokkas (D:4)
  4 ball pythons
  3 bats
  2 frilled lizards
  2 kobolds
  A rat (D:2)
  A butterfly (D:4)
138 creatures vanquished.

Vanquished Creatures (collateral kills)
  Sigmund (D:2)
  A bullfrog (D:7)
  An orc priest (D:7)
  A hound (D:2)
  An orc wizard (D:3)
  An adder (D:2)
  A dart slug (D:2)
  6 orcs
  2 ball pythons (D:1)
  An endoplasm (D:2)
  4 giant cockroaches
  3 goblins
  5 hobgoblins
  4 jackals (D:1)
  3 kobolds
  2 quokkas
  3 frilled lizards
  4 rats
44 creatures vanquished.

Grand Total: 182 creatures vanquished

Notes
Turn   | Place    | Note
-------+----------+-------------------------------------------
     0 | D:1      | ryw the Demigod Summoner began the quest for the Orb.
     0 | D:1      | Reached XP level 1. HP: 14/14 MP: 5/5
   336 | D:1      | Reached XP level 2. HP: 11/22 MP: 2/7
   344 | D:1      | Learned a level 2 spell: Call Imp
   693 | D:1      | You fall into a shaft and drop 1 floor!
   733 | D:2      | Reached skill level 1 in Fighting
   813 | D:2      | Reached XP level 3. HP: 28/28 MP: 4/8
   820 | D:2      | Learned a level 3 spell: Call Canine Familiar
  1115 | D:2      | Noticed Sigmund
  1905 | D:2      | Reached skill level 4 in Summonings
  2287 | D:2      | Identified the +11 rapier "Ylaud" {protect, rC+}
  2424 | D:2      | Reached XP level 4. HP: 12/35 MP: 6/10
  2555 | D:2      | Killed Sigmund
  2556 | D:2      | Reached skill level 1 in Short Blades
  2556 | D:2      | Reached XP level 5. HP: 41/41 MP: 1/12
  2858 | D:3      | Learned a level 3 spell: Summon Guardian Golem
  3396 | D:3      | Identified the +9 chain mail of the Spider Nest {Harm rC+
                  | Int+2 Dex-5}
  3543 | D:3      | Reached XP level 6. HP: 33/48 MP: 13/13
  3906 | D:4      | Found a staircase to the Ecumenical Temple.
  4148 | D:4      | Reached skill level 1 in Armour
  4380 | D:4      | Reached skill level 1 in Hexes
  4390 | D:4      | Noticed Robin
  4421 | D:4      | Killed Robin
  4463 | D:4      | Learned a level 2 spell: Wereblood
  4718 | D:5      | Entered Level 5 of the Dungeon
  4763 | D:5      | Found the -2 hat of the Alchemist {rElec rPois rF+ rC+ rN+
                  | Will+ rMut rCorr}
  4904 | D:5      | Reached XP level 7. HP: 56/56 MP: 15/15
  5726 | D:6      | Reached skill level 5 in Summonings
  5819 | D:6      | Reached XP level 8. HP: 18/63 MP: 16/16
  6321 | D:6      | Noticed a nameless horror
  6340 | D:6      | Killed a nameless horror
  6602 | D:6      | Identified the +5 scale mail "Sinijuqe" {Regen+ Dex-2
                  | Stlth+}
  7264 | D:7      | Learned a level 4 spell: Summon Lightning Spire
  7426 | D:7      | Noticed a gargoyle
  7457 | D:7      | Reached skill level 1 in Air Magic
  7469 | D:7      | Reached XP level 9. HP: 61/71 MP: 13/18
  7496 | D:7      | Slain by an orc warrior

Illustrated notes

Levels and vault maps discovered:
D:1:      co_arrival_random_square_maze, layout_basic
D:2:      minmay_razor_zed, layout_basic,
          shapermc_ecumenical_altar_mp_highgroup, minmay_hexomino_u4,
          uniq_sigmund
D:3:      layout_basic, kennysheep_cross_bottleneck
D:4:      kennysheep_goblin_castle, layout_cave_pools,
          minmay_temple_entry_butterflies, grunt_decor_cap, hex_large,
          minmay_fire_ice_demons
D:5:      layout_loops_ring, hangedman_abyss_or_decor_passed
D:6:      layout_basic, kennysheep_okawaru_gauntlet, kennysheep_generic_room_12
D:7:      minmay_chambers_of_sevens, layout_cave_pods, nicolae_vehumet_radiance,
          nicolae_uskayaw_en_pointe, chequers_serial_rivers_micro_c

Skill      XL: |  1  2  3  4  5  6  7  8 |
---------------+-------------------------+-----
Dodging        | 2 3 4 |  4.6
Spellcasting   | 2 3 4 |  4.2
Fighting       | 1 2 3 4 |  4.1
Summonings     | 4 5 |  5.7
Short Blades   | 1 2 3 |  3.7
Armour         | 1 3 4 |  4.7
Hexes          | 1 2 3 |  3.2
Air Magic      | 1 |  1.2
Stealth        | |  1.7

Action                   |  1- 3 |  4- 6 |  7- 9 || total
-------------------------+-------+-------+-------++-------
Melee: Unarmed           |   123 |       |       ||   123
       Punch             |     3 |       |       ||     3
       Rapier            |     4 |   148 |   209 ||   361
 Cast: Summon Small Mamm |    24 |       |    12 ||    36
       Call Imp          |    10 |     3 |     5 ||    18
       Call Canine Famil |    11 |     8 |    11 ||    30
  Use: Potion            |     1 |       |     4 ||     5
       Scroll            |       |       |     1 ||     1
 Stab: Distracted        |     1 |       |       ||     1
       Sleeping          |     1 |     1 |     2 ||     4
       Invisible         |       |       |     1 ||     1
Armor: Robe              |    15 |     9 |       ||    24
       Chain mail        |       |    95 |    82 ||   177
       Scale mail        |       |       |    59 ||    59
Dodge: Dodged            |   120 |    35 |    54 ||   209
Block: Other             |       |    35 |    41 ||    76
       Reflection        |       |     1 |     3 ||     4

Table legend: (Time is in decaauts)
 A = Elapsed time spent in this place.
 B = Non-inter-level travel time spent in this place.
 C = Inter-level travel time spent in this place.
 D = Time resting spent in this place.
 E = Time spent auto-exploring this place.
 F = Levels seen in this place.
 G = Mean time per level.
                   A        B        C        D        E       F      G
               +--------+--------+--------+--------+--------+-----+--------+
         Total |   7546 |   7311 |    235 |    793 |   5041 |   7 | 1078.0 |
       Dungeon |   7546 |   7311 |    235 |    793 |   5041 |   7 | 1078.0 |
               +--------+--------+--------+--------+--------+-----+--------+

Top non-repeatable levels by time:
     D:6: 1563 daAuts
     D:1: 1474 daAuts
     D:2: 1339 daAuts
     D:3: 1097 daAuts
     D:5: 960 daAuts
     D:4: 822 daAuts
     D:7: 289 daAuts
